 Dungeon Sprint DCSS version 0.29-a0-723-gce39da1c22 (webtiles) character file.

Game seed: 17925382537784928166

2158 manyhoops the Severer (level 9, -26/97 HPs)
             Began as a Formicid Fighter on June 28, 2022.
             Was a Follower of Okawaru.
             Killed from afar by Roxanne (41 damage)
             ... with a crystal spear
             ... in the Dungeon (Sprint II: "The Violet Keep of Menkaure").
             The game lasted 00:04:41 (1137 turns).

manyhoops the Severer (Formicid Fighter)            Turns: 1137, Time: 00:04:42

Health: -26/97     AC: 24    Str: 23    XL:     9   Next: 57%
Magic:  14/14      EV:  2    Int: 10    God:    Okawaru [*.....]
Gold:   3          SH:  5    Dex: 13    Spells: 8/8 levels left

rFire   . . .      SeeInvis .   d - +7 hand axe of Yzxy {elec, rElec Str-2 Int+2}
rCold   . . .      Faith    .   c - +0 buckler
rNeg    . . .      Spirit   .   (body armour currently unavailable)
rPois   +          Reflect  .   (helmet unavailable)
rElec   +          Harm     .   (cloak currently unavailable)
rCorr   .          Rampage  .   (gloves currently unavailable)
Will    .....                   (boots currently unavailable)
Stlth   +.........              (no amulet)
HPRegen 0.26/turn               (no ring)
MPRegen 0.14/turn               (no ring)

@: tree-form, very slow
A: stationary, stasis, torment immunity, boosted hp, permanent stasis, dig
shafts and tunnels, (antennae 3), four strong arms
a: Renounce Religion, Heroism


You were in the Dungeon.
You worshipped Okawaru.
Okawaru was aware of your devotion.
You were a tree.
You visited 1 branch You collected 729 gold pieces.
You spent 726 gold pieces at shops.

Inventory:

Hand Weapons
 a - a +0 war axe
 d - the +7 hand axe of Yzxy (weapon) {elec, rElec Str-2 Int+2}
   (You bought it in a shop in the Dungeon)

   It occasionally discharges a powerful burst of electricity upon striking a
   foe.
   Str:       It affects your strength (-2).
   Int:       It affects your intelligence (+2).
   rElec:     It insulates you from electricity.
Armour
 b - a +0 scale mail
 c - a +0 buckler (worn)
 e - a +2 plate armour of cold resistance (melded)
Potions
 g - 2 potions of magic
Miscellaneous
 f - a condenser vane


   Skills:
 * Level 4.2 Fighting
 - Level 16.6 Axes
 + Level 11.5 Armour
 + Level 4.9 Shields
 - Level 7.1 Invocations


You had 8 spell levels left.
You didn't know any spells.
Your spell library was empty.

Dungeon Overview and Level Annotations

Branches:
Dungeon (1/1)

Altars:
Cheibriados
Dithmenos
Elyvilon
Fedhas
Gozag
Hepliaklqana
Kikubaaqudgha
Makhleb
Nemelex Xobeh
Okawaru
Qazlal
Ru
Sif Muna
Trog
Uskayaw
Vehumet
Wu Jian
Xom
Yredelemnul
Zin
The Shining One
Beogh
Jiyva
Lugonu

Shops:
D *:[[:=::=!?!(=!

Annotations:
D exclusion: oklob plant, Roxanne


Innate Abilities, Weirdness & Mutations

You are a tree.
Your roots penetrate the ground, keeping you stationary.
You cannot be teleported.
You are immune to unholy pain and torment.
Your maximum health is greatly increased.
Your equipment is partially melded.
You cannot be hasted, slowed, berserked, paralysed or teleported.
You can dig through walls and to a lower floor.
((You have a pair of large antennae on your head. (SInv)))
Your four strong arms can wield two-handed weapons with a shield.


Message History

Roxanne is moderately damaged.
Unknown command.
You slash Roxanne!
Roxanne is moderately damaged.
Unknown command.
You hit Roxanne but do no damage.
Roxanne is moderately damaged.
Unknown command.
You hit Roxanne but do no damage.
Roxanne is moderately damaged.
Unknown command.
Unknown command.
You hit Roxanne but do no damage.
Roxanne is moderately damaged.
Unknown command.
You hit Roxanne but do no damage.
Roxanne is moderately damaged.
You hit Roxanne.
Roxanne is moderately damaged.
Roxanne casts a spell.
The iron shot hits you!!
* * * LOW HITPOINT WARNING * * *
Unknown command.
You hit Roxanne but do no damage.
Roxanne is moderately damaged.
Unknown command.
You slash Roxanne!
Roxanne is moderately damaged.
Unknown command.
You slash Roxanne!
Roxanne is heavily damaged.
Unknown command.
You slash Roxanne!
Roxanne is heavily damaged.
Unknown command.
You hit Roxanne.
Roxanne is heavily damaged.
Roxanne casts a spell.
The crystal spear hits you!!!
You die... hh######≈≈####.#†####§≈..§§.≈#'## $h#l{ ##≈†≈#.##..#≈≈≈≈≈≈≈..≈#_._ P{+l$

#'#≈###..##≈≈≈≈§≈≈≈.≈#._.
$!#!##
#.#≈≈##+##≈§≈≈≈§§§≈≈≈#_._
.$###○≈
####≈≈≈≈≈≈≈§≈§≈§≈≈≈≈≈#._.
+###≈≈≈≈
#+++#+++#§§≈≈≈§§≈≈#_._
##.≈§§≈§≈##§§≈###≈≈#._.
##§§§§§§≈≈≈##≈≈#.#≈≈#.._
{{+§§§§§8♣§§§≈'≈§#'#≈≈#._.
{ ##§§§§§§§§≈##≈§≈≈≈§≈####
##.≈≈§§..###########≈≈≈
####+####≈≈≈≈§≈≈###≈##
#≈≈≈≈§≈≈≈≈##≈#
+≈≈≈§§8§§≈≈§+≈#
##≈≈§§§§≈≈≈####
##≈§§§§§≈## #########


You could see Roxanne.

Vanquished Creatures
  A merfolk siren (D)
  A yaktaur (D)
  A hornet (D)
  3 polar bears (D)
  A blink frog (D)
  2 wyverns (D)
  Menkaure (D)
  4 scorpions (D)
  3 worms (D)
17 creatures vanquished.

Vanquished Creatures (others)
  A water moccasin (D)
1 creature vanquished.

Grand Total: 18 creatures vanquished

Notes
Turn   | Place    | Note
-------+----------+-------------------------------------------
     0 | D        | manyhoops the Formicid Fighter began the quest for the Orb.
     0 | D        | Reached XP level 1. HP: 18/18 MP: 1/1
     1 | D        | Noticed a scorpion
     1 | D        | Noticed a scorpion
     1 | D        | Noticed a scorpion
     1 | D        | Noticed a scorpion
     4 | D        | Killed a scorpion
     5 | D        | Reached skill level 7 in Axes
     5 | D        | Reached XP level 2. HP: 15/24 MP: 2/2
     5 | D        | Reached XP level 3. HP: 18/29 MP: 3/3
     5 | D        | Reached XP level 4. HP: 22/35 MP: 4/4
     9 | D        | Killed a scorpion
    10 | D        | Reached skill level 9 in Axes
    10 | D        | Reached XP level 5. HP: 23/41 MP: 5/5
    13 | D        | Reached skill level 11 in Axes
    16 | D        | Reached skill level 12 in Axes
    16 | D        | Reached XP level 6. HP: 30/47 MP: 6/6
   161 | D        | Noticed a merfolk siren
   177 | D        | Killed a merfolk siren
   178 | D        | Reached skill level 15 in Axes
   178 | D        | Reached XP level 7. HP: 20/52 MP: 7/7
   365 | D        | Noticed a wyvern
   365 | D        | Noticed a wyvern
   371 | D        | Killed a wyvern
   376 | D        | Killed a wyvern
   377 | D        | Reached skill level 16 in Axes
   377 | D        | Reached XP level 8. HP: 37/58 MP: 8/8
   595 | D        | Found Inuinwev's Distillery.
   595 | D        | Found Coax's Jewellery Shoppe.
   595 | D        | Found Ytycajeble's Distillery.
   596 | D        | Found Erhausur's Antique Weapon Emporium.
   596 | D        | Found Muisaemm's Distillery.
   596 | D        | Found Sijeisuc's Jewellery Emporium.
   596 | D        | Found Kiaga's Book Shoppe.
   597 | D        | Found Ydghopoc's Book Emporium.
   597 | D        | Found Fipp's Jewellery Shoppe.
   597 | D        | Found Nitufro's Book Shoppe.
   598 | D        | Found Naet's Magic Scroll Emporium.
   599 | D        | Found Baruepec's Antique Armour Shoppe.
   599 | D        | Found Roidaishis's Antique Armour Emporium.
   599 | D        | Noticed Menkaure
   599 | D        | Noticed an oklob plant
   600 | D        | Found Yxzuuvvuomi's Assorted Antiques.
   600 | D        | Found Wirits's Book Shoppe.
   600 | D        | Noticed an iron elemental
   605 | D        | Bought a shimmering hand axe for 176 gold pieces
   605 | D        | Identified the +7 hand axe of Yzxy {elec, rElec Str-2
                  | Int+2} (You bought it in a shop in the Dungeon)
   612 | D        | Killed Menkaure
   619 | D        | Noticed a wyvern
   619 | D        | Noticed a wyvern
   677 | D        | Noticed a wyvern
   686 | D        | Bought a glowing plate armour for 442 gold pieces
   704 | D        | Bought a potion of flight for 36 gold pieces
   704 | D        | Bought a potion of lignification for 36 gold pieces
   704 | D        | Bought a potion of lignification for 36 gold pieces
   724 | D        | Found an iron altar of Okawaru.
   724 | D        | Found a radiant altar of Vehumet.
   725 | D        | Found a sparkling altar of Nemelex Xobeh.
   725 | D        | Found a hide-covered altar of Uskayaw.
   725 | D        | Found a glowing silver altar of Zin.
   726 | D        | Found a basalt altar of Yredelemnul.
   727 | D        | Found an opulent altar of Gozag.
   727 | D        | Found a burning altar of Makhleb.
   727 | D        | Found a bloodstained altar of Trog.
   727 | D        | Found a shimmering altar of Xom.
   728 | D        | Found a blossoming altar of Fedhas.
   728 | D        | Found a corrupted altar of Lugonu.
   728 | D        | Found a shimmering blue altar of Sif Muna.
   728 | D        | Found a glowing golden altar of the Shining One.
   728 | D        | Found an ornate altar of the Wu Jian Council.
   730 | D        | Found a white marble altar of Elyvilon.
   730 | D        | Found an ancient bone altar of Kikubaaqudgha.
   730 | D        | Found a sacrificial altar of Ru.
   730 | D        | Noticed a polar bear
   730 | D        | Noticed a polar bear
   748 | D        | Killed a polar bear
   780 | D        | Noticed a yaktaur
   780 | D        | Noticed a hornet
   796 | D        | Killed a hornet
   799 | D        | Killed a yaktaur
   800 | D        | Reached skill level 10 in Armour
   800 | D        | Reached XP level 9. HP: 65/65 MP: 9/9
   987 | D        | Found a shadowy altar of Dithmenos.
   987 | D        | Found a viscous altar of Jiyva.
   988 | D        | Found a snail-covered altar of Cheibriados.
   989 | D        | Found a hazy altar of Hepliaklqana.
   990 | D        | Found a stormy altar of Qazlal.
   993 | D        | Became a worshipper of Warmaster Okawaru
  1000 | D        | Killed a polar bear
  1007 | D        | Noticed a polar bear
  1016 | D        | Killed a polar bear
  1017 | D        | Reached skill level 5 in Invocations
  1059 | D        | Noticed Roxanne
  1071 | D        | Noticed a blink frog
  1078 | D        | Killed a blink frog
  1078 | D        | Reached * piety under Okawaru
  1100 | D        | Noticed an orange crystal statue
  1137 | D        | Killed from afar by Roxanne

Illustrated notes

Levels and vault maps discovered:
D:        the_violet_keep_of_menkaure [sprint2_stairs_cluster_1,
          sprint2_shoproom, sprint2_temple, sprint2_basic_supplies,
          sprint2_obstacle_6, sprint2_obstacle_4, sprint2_obstacle_1,
          sprint2_obstacle_5, sprint2_obstacle_3, sprint2_timed_cluster_1,
          sprint2_smallroom_cluster_1, sprint2_smallroom_final_cluster_1,
          sprint2_transparent_cluster_1, sprint2_second_timed_cluster_1,
          sprint2_sniper_area_1, sprint2_heavy_combat_area_1,
          sprint2_mutation_trap_area_1, sprint2_forest_area_1,
          sprint2_light_combat_area_1, sprint2_behind_water_1,
          sprint2_near_end_vault_1]

Skill      XL: |  1  2  3  4  5  6  7  8  9 |
---------------+----------------------------+-----
Axes           | 7 9 12 15 16 | 16.6
Fighting       | 4 |  4.2
Armour         | 10 11 | 11.5
Invocations    | 7 |  7.1
Shields        | |  4.9

Action                   |  1- 3 |  4- 6 |  7- 9 || total
-------------------------+-------+-------+-------++-------
Melee: War axe           |     2 |    23 |    11 ||    36
       Hand axe          |       |       |    57 ||    57
 Abil: Dig               |       |       |     1 ||     1
  Use: Potion            |     1 |     2 |     3 ||     6
       Scroll            |       |       |     1 ||     1
Armor: Scale mail        |       |     4 |     3 ||     7
       Plate armour      |       |       |    21 ||    21
       Skin              |       |       |     2 ||     2
Dodge: Dodged            |       |     1 |     9 ||    10
Block: Buckler           |     1 |     1 |     8 ||    10

Table legend: (Time is in decaauts)
 A = Elapsed time spent in this place.
 B = Non-inter-level travel time spent in this place.
 C = Inter-level travel time spent in this place.
 D = Time resting spent in this place.
 E = Time spent auto-exploring this place.
 F = Levels seen in this place.
 G = Mean time per level.
                   A        B        C        D        E       F      G
               +--------+--------+--------+--------+--------+-----+--------+
         Total |   1135 |   1135 |      0 |    748 |      0 |   1 | 1135.0 |
       Dungeon |   1135 |   1135 |      0 |    748 |      0 |   1 | 1135.0 |
               +--------+--------+--------+--------+--------+-----+--------+

Top non-repeatable levels by time:
       D: 1135 daAuts
